AoeStats
← somohano89

Arabia

509390600Analyzed
1v1 RM · 6d ago on Sep 26, 2026· 50m 2s· 2 players
Game mode
Random Map
Map size
Tiny (2 player)
Population
200
Speed
Normal
Resources
Standard
Victory
Conquest
Starting age
Dark Age
Ending age
Imperial Age
RankedLock teamsTeams togetherTeam positionsShared explorationLock speedFull tech treeHidden civsTurbo modeCheats
Victory
Defeat
🇧🇷 Lithuanians · Brazil
1002
+15
🇲🇽 Poles · Mexico
985
-15
somohano89
10:23 Feudal Age
11:22 Double-Bit Axe
11:28 Loom
12:24 Bloodlines
12:58 Horse Collar
16:42 Forging
21:44 Castle Age
20:36 Town Watch
21:41 Scale Barding Armor
22:09 Light Cavalry
22:50 Husbandry
23:28 Iron Casting
25:18 Stone Mining
37:56 Imperial Age
35:26 Gold Mining
38:42 Cavalier
40:16 Pikeman
40:42 Arson
41:14 Scale Mail Armor
42:14 Blast Furnace
41:46 Squires
42:38 Wheelbarrow
42:53 Chain Mail Armor
RENAN
8:49 Loom
10:54 Feudal Age
13:05 Wheelbarrow
12:54 Double-Bit Axe
21:55 Castle Age
20:22 Stone Mining
21:37 Bloodlines
21:40 Forging
22:29 Scale Barding Armor
22:50 Gold Mining
23:26 Horse Collar
27:31 Stone Shaft Mining
28:01 Town Watch
28:32 Hand Cart
29:35 Heavy Plow
29:47 Bow Saw
31:33 Husbandry
35:32 Imperial Age
34:18 Chain Barding Armor
36:00 Iron Casting
35:32 Fletching
37:05 Plate Barding Armor
39:34 Conscription
41:05 Fletching
42:29 Crop Rotation
43:01 Two-Man Saw
44:04 Town Patrol
46:56 Elite Leitis
Connection lost

Rejoining the realm…

Still unreachable

The connection could not be restored.

Session expired

The server has moved on; the page needs a fresh start.